[Event "Titled Tuesday Blitz July 18 Early 2023"]
[White "Oro, Faustino"]
[Black "Vyatkin, Dmitry"]
[WhiteFideId "20000197"]
[BlackFideId "4171900"]
[WhiteElo "2781"]
[BlackElo "2514"]
[Result "1-0"]
[Round "5"]
[TimeControl "180+2"]
[Date "2023.07.18"]
[WhiteClock "0:00:09"]
[BlackClock "0:00:03"]
[Board "78"]

1. e4 e6 2. d4 d5 3. Nd2 c5 4. Ngf3 cxd4 5. Nxd4 Nf6 6. exd5 Qxd5 7. N2f3 Be7 8. Be2 O-O 9. O-O a6 10. c4 Qc5 11. Qb3 Qc7 12. h3 Nbd7 13. Be3 b6 14. Rfd1 Bb7 15. Rac1 Nc5 16. Qc3 Nce4 17. Qe1 Rfd8 18. Nc2 Bc5 19. Bd3 h6 20. b3 Rd7 21. Bxe4 Bxe4 22. Rxd7 Qxd7 23. Bxc5 bxc5 24. Nd2 Bb7 25. Ne3 Rd8 26. Ndf1 Qc6 27. Qa5 Rd3 28. a3 Rxb3 29. Rd1 Qb6 30. Qd2 Rxa3 31. Kh2 Rb3 32. Ng3 Rb2 33. Qe1 a5 34. Ra1 Rb4 35. Ne2 Qc7+ 36. Kg1 Ne4 37. f3 Nd6 38. Qc3 a4 39. Nc1 Ba6 40. Nd3 Rb3 41. Qc2 Qb6 42. Rxa4 Rb1+ 43. Kh2 Rb3 44. Rxa6 Qxa6 45. Qxb3 1-0


[Site "https://www.chess.com"]

[Event "Titled Tuesday Blitz July 18 Early 2023"]
[White "Horak, Martin"]
[Black "Nazari, Arad"]
[WhiteFideId "367095"]
[BlackFideId "12577324"]
[WhiteElo "2512"]
[BlackElo "2745"]
[Result "0-1"]
[Round "5"]
[TimeControl "180+2"]
[Date "2023.07.18"]
[WhiteClock "0:00:03"]
[BlackClock "0:00:09"]
[Board "79"]

1. d4 Nf6 2. Nf3 g6 3. c4 Bg7 4. e3 O-O 5. Be2 c5 6. O-O cxd4 7. Nxd4 d5 8. Nc3 Nc6 9. cxd5 Nxd5 10. Nxd5 Qxd5 11. Bf3 Qc5 12. Nxc6 bxc6 13. Qa4 Rb8 14. Qxc6 Qxc6 15. Bxc6 Be6 16. Ba4 Bxb2 17. Bxb2 Rxb2 18. Bb3 Rd8 19. Bxe6 fxe6 20. a4 Rdd2 21. g3 Ra2 22. Rxa2 Rxa2 23. Rb1 Rxa4 24. Rb7 Kf7 25. Kg2 a5 26. Ra7 Kf6 27. Kf3 h6 28. h4 Ra1 29. Kf4 a4 30. Ra5 a3 31. e4 Kf7 32. Ra6 Kf6 33. e5+ Kf7 34. f3 a2 35. Ra8 Kg7 36. Kg4 h5+ 37. Kf4 Kf7 38. Ra5 Ke8 39. Ra7 Kd8 40. Ra8+ Kd7 41. Ra6 Kc7 42. Kg5 Rg1 43. Rxa2 Rxg3+ 44. Kf4 Rh3 45. Rg2 Rxh4+ 46. Ke3 Kc6 47. Rxg6 Kd5 48. Rg7 Kxe5 49. Rxe7 Kf6 50. Rh7 Kg6 51. Rh8 Kg7 52. Re8 Kf7 53. Rh8 Rh2 54. Kf4 Kf6 55. Rf8+ Kg7 56. Re8 Re2 57. Kg5 Re5+ 58. Kh4 Kg6 59. Rf8 Rf5 60. Re8 Kf7 61. Rh8 Rxf3 62. Rxh5 Ke7 63. Kg4 Rf1 64. Kg3 Kd6 65. Kg2 Rf8 66. Rh1 e5 67. Re1 Kd5 68. Rd1+ Ke4 69. Re1+ Kd4 70. Rd1+ Kc3 71. Re1 Kd4 72. Rd1+ Kc4 73. Re1 Kd5 74. Kg3 Rf4 75. Rd1+ Ke6 76. Re1 Rf8 77. Rd1 e4 78. Re1 Ke5 79. Kg2 Kd4 80. Rf1 Rxf1 81. Kxf1 Kd3 82. Ke1 Ke3 0-1


[Site "https://www.chess.com"]

[Event "Titled Tuesday Blitz July 18 Early 2023"]
[White "Philippe, Guillaume"]
[Black "Tsaruk, Maksim"]
[WhiteFideId "36048763"]
[BlackFideId "13511173"]
[WhiteElo "2512"]
[BlackElo "2745"]
[Result "1-0"]
[Round "5"]
[TimeControl "180+2"]
[Date "2023.07.18"]
[WhiteClock "0:00:03"]
[BlackClock "0:00:03"]
[Board "80"]

1. e4 e6 2. d4 d5 3. Nc3 Bb4 4. e5 Ne7 5. Qg4 c5 6. a3 Bxc3+ 7. bxc3 Qa5 8. Bd2 Kf8 9. a4 c4 10. Nf3 Bd7 11. h4 Bxa4 12. h5 h6 13. Qf4 Qb5 14. Kd1 Qe8 15. Bc1 b5 16. Ba3 a5 17. Bd6 b4 18. Nh4 Kg8 19. Bxe7 Bxc2+ 20. Kxc2 Qxe7 21. Be2 Nc6 22. Ra4 bxc3 23. Rb1 Kh7 24. Bxc4 Rhb8 25. Bd3+ Kh8 26. Kxc3 Rxb1 27. Bxb1 Rb8 28. Qc1 Qxh4 29. g3 Qxh5 30. Kd2 Qg5+ 31. Kd1 Qg4+ 32. Ke1 Nxd4 33. Kf1 Qe2+ 34. Kg2 Qxe5 35. Bd3 Nf5 36. Rf4 Rf8 37. Qc5 Qd6 38. Qxa5 Ne7 39. Qd2 e5 40. Rh4 Qf6 41. Be2 d4 42. Bd3 Qg6 43. Bxg6 Nxg6 44. Re4 f5 45. Re2 f4 46. gxf4 Nxf4+ 47. Kf1 Nxe2 48. Qxe2 Rf5 49. Qe4 g6 50. Ke2 Kg7 51. Qc6 h5 52. f3 Kh6 53. Kf2 Kg5 54. Kg3 h4+ 55. Kg2 Rf4 56. Qd6 h3+ 57. Kg3 Rf5 58. Qe7+ Kh6 59. Qd8 h2 60. Qh8+ Kg5 61. Qh4# 1-0


[Site "https://www.chess.com"]

[Event "Titled Tuesday Blitz July 18 Early 2023"]
[White "Hilary46"]
[Black "LeoLV10"]
[WhiteElo "2697"]
[BlackElo "2508"]
[Result "0-1"]
[Round "5"]
[TimeControl "180+2"]
[Date "2023.07.18"]
[WhiteClock "0:01:52"]
[BlackClock "0:01:09"]
[Board "81"]

1. e4 c6 2. d4 d5 3. e5 c5 4. dxc5 e6 5. a3 Bxc5 6. b4 Bb6 7. Bb2 Ne7 8. Nf3 a5 9. b5 Nd7 10. c4 Nc5 11. Nc3 O-O 12. cxd5 exd5 13. Be2 Be6 14. O-O Ng6 15. Na4 Nxa4 16. Qxa4 Rc8 17. Rac1 Qe7 18. h3 Qd7 19. Bd3 Bxh3 20. gxh3 Qxh3 21. Be2 Qg3+ 22. Kh1 Bxf2 23. Rxc8 Rxc8 24. Nh2 Nf4 25. Bf3 Qh4 26. Bc1 Bg3 27. Bxf4 Qxh2# 0-1


[Site "https://www.chess.com"]

[Event "Titled Tuesday Blitz July 18 Early 2023"]
[White "ElenGajger"]
[Black "Begmuratov, Alisher"]
[BlackFideId "14203367"]
[WhiteElo "2507"]
[BlackElo "2663"]
[Result "1/2-1/2"]
[Round "5"]
[TimeControl "180+2"]
[Date "2023.07.18"]
[WhiteClock "0:00:38"]
[BlackClock "0:00:20"]
[Board "82"]

1. e4 c6 2. d4 d5 3. Nd2 dxe4 4. Nxe4 Nf6 5. Nc3 e6 6. g3 h5 7. Nf3 Be7 8. Bg5 Nbd7 9. Bg2 Nd5 10. Bxe7 Qxe7 11. Nxd5 cxd5 12. Qe2 b6 13. O-O O-O 14. c3 a5 15. Rfe1 Ba6 16. Qe3 Rfc8 17. Qf4 Qf6 18. Qd6 Ra7 19. Re3 b5 20. Rae1 Qd8 21. h4 Nf6 22. Qf4 b4 23. Ne5 bxc3 24. bxc3 Rac7 25. Bh3 Rxc3 26. Nxf7 Rxe3 27. Qxe3 Kxf7 28. Qxe6+ Kf8 29. Qxa6 Rb8 30. Qe6 Rb6 31. Qe5 Qd6 32. Qg5 Qb8 33. Bf5 Rb2 34. Bg6 Rb7 35. Bxh5 Rb1 36. Rxb1 Qxb1+ 37. Kg2 Qe4+ 38. Bf3 Qxd4 39. h5 Ne4 40. Qf4+ Ke7 41. Bxe4 dxe4 42. Qc7+ Kf6 43. Qxa5 e3 44. fxe3 Qxe3 45. Qd8+ Kf7 46. Qd7+ Kg8 47. Qd5+ Kh8 48. Kh3 Qe1 49. Qd8+ Kh7 50. Qd3+ Kh8 51. Qc4 Qh1+ 52. Kg4 Qd1+ 53. Kg5 Qd8+ 54. Kf4 Qf6+ 55. Ke3 Qg5+ 56. Kf3 Qxh5+ 57. g4 Qh3+ 58. Kf4 Qh2+ 59. Kf5 Qf2+ 60. Ke5 Qf6+ 61. Kd5 Qf7+ 62. Kc5 Qc7+ 63. Kb4 Qb6+ 64. Kc3 Qe3+ 65. Kb2 Qf2+ 66. Kb3 Qe3+ 67. Qc3 Qe6+ 68. Qc4 Qe3+ 69. Ka4 Qa7+ 70. Kb5 Qb7+ 71. Kc5 Qc7+ 72. Kd4 Qf4+ 73. Kd5 Qf7+ 74. Kc5 Qc7+ 1/2-1/2


[Site "https://www.chess.com"]

[Event "Titled Tuesday Blitz July 18 Early 2023"]
[White "Postlmayer, Jakob"]
[Black "Arhan_Anand"]
[WhiteFideId "1643622"]
[WhiteElo "2505"]
[BlackElo "2653"]
[Result "1-0"]
[Round "5"]
[TimeControl "180+2"]
[Date "2023.07.18"]
[WhiteClock "0:00:21"]
[BlackClock "0:00:17"]
[Board "83"]

1. c4 Nf6 2. Nc3 c6 3. d4 d5 4. Nf3 e6 5. e3 Nbd7 6. Be2 Bd6 7. O-O O-O 8. b3 b6 9. Bb2 Bb7 10. Bd3 Re8 11. Re1 Rc8 12. Rc1 e5 13. dxe5 Nxe5 14. cxd5 cxd5 15. Be2 Ng6 16. Nb5 Bb8 17. Rxc8 Bxc8 18. Bxf6 gxf6 19. Nbd4 Qd6 20. g3 Ne5 21. Qc2 Bd7 22. Rc1 Ng4 23. Bf1 Qa3 24. Qd2 Ne5 25. Bg2 Nd3 26. Rd1 Nc5 27. Rc1 Be5 28. Rc2 Rc8 29. Qc1 Qxc1+ 30. Rxc1 Nd3 31. Rxc8+ Bxc8 32. Nxe5 fxe5 33. Nc6 Kf8 34. Bxd5 Bb7 35. Nxe5 Bxd5 36. Nxd3 Ke7 37. f4 Kd6 38. Kf2 Be4 39. Ke2 a5 40. Kd2 b5 41. a3 Kd5 42. Kc3 Bf5 43. Nf2 h5 44. h3 Kc5 45. b4+ axb4+ 46. axb4+ Kd5 47. g4 hxg4 48. hxg4 Bc8 49. e4+ Kd6 50. Kd4 Bd7 51. f5 f6 52. Nd3 Bc6 53. Nf4 Ke7 54. Nd5+ Kf7 55. Kc5 Bd7 56. Nc3 Kg7 57. Nxb5 Kh6 58. Nc7 Kg5 59. Nd5 Bc8 60. Ne3 Kf4 61. Kd4 Bb7 62. b5 Bxe4 63. Nd5+ Kf3 64. b6 1-0


[Site "https://www.chess.com"]

[Event "Titled Tuesday Blitz July 18 Early 2023"]
[White "Galiot, Goran"]
[Black "Mathieu, Phileas"]
[WhiteFideId "931560"]
[BlackFideId "36048410"]
[WhiteElo "2649"]
[BlackElo "2497"]
[Result "0-1"]
[Round "5"]
[TimeControl "180+2"]
[Date "2023.07.18"]
[WhiteClock "0:00:00"]
[BlackClock "0:00:43"]
[Board "84"]

1. d4 Nf6 2. c4 c5 3. d5 b5 4. a4 b4 5. Nd2 g6 6. b3 Bg7 7. Bb2 O-O 8. e4 d6 9. Bd3 e5 10. Ne2 Nh5 11. O-O f5 12. f4 fxe4 13. Nxe4 exf4 14. Bxg7 Kxg7 15. Qd2 g5 16. h4 h6 17. Qb2+ Kg8 18. hxg5 hxg5 19. Kf2 Bg4 20. Rh1 Nd7 21. Rxh5 Bxh5 22. Rh1 Qe8 23. Nxg5 Qe3+ 24. Ke1 Qxd3 25. Rxh5 Ne5 26. Nf3 Qxf3 27. gxf3 Nd3+ 28. Kd2 Nxb2 29. Kc2 Rae8 30. Rh2 Nxc4 31. bxc4 Re3 32. Rf2 Kg7 33. Kd2 Ra3 34. Rg2+ Kh6 35. Rg4 Rxf3 0-1


[Site "https://www.chess.com"]

[Event "Titled Tuesday Blitz July 18 Early 2023"]
[White "Schnaider, Ilan"]
[Black "Pajeken, Jakob Leon"]
[WhiteFideId "169013"]
[BlackFideId "12942839"]
[WhiteElo "2626"]
[BlackElo "2495"]
[Result "1-0"]
[Round "5"]
[TimeControl "180+2"]
[Date "2023.07.18"]
[WhiteClock "0:00:05"]
[BlackClock "0:00:20"]
[Board "85"]

1. e4 e5 2. Nf3 Nc6 3. d4 exd4 4. Nxd4 Nf6 5. Nxc6 bxc6 6. Bd3 d5 7. exd5 cxd5 8. O-O Be7 9. c4 O-O 10. Nc3 Bb7 11. Bg5 d4 12. Ne2 c5 13. a3 h6 14. Bxf6 Bxf6 15. b4 Qc7 16. Ng3 Be5 17. Qg4 Bxg3 18. hxg3 Qc6 19. f3 Rad8 20. Rab1 Bc8 21. Qh5 cxb4 22. axb4 Qc7 23. g4 Rfe8 24. Rbe1 Re3 25. Rd1 Be6 26. g5 hxg5 27. Qh7+ Kf8 28. Qh8+ Ke7 29. Qxg7 Qg3 30. Rd2 Bh3 31. Kh1 Rxd3 32. Ra2 Rd7 33. gxh3 Qxh3+ 34. Kg1 Qf5 35. Ra5 Qf4 36. Re5+ Kd6 37. Rxg5 Rd2 38. Qf8+ Kc7 39. Qc5+ Kb8 40. Rg8+ Kb7 41. Qb5+ Kc7 42. Qb8+ Kc6 43. Qxf4 1-0


[Site "https://www.chess.com"]

[Event "Titled Tuesday Blitz July 18 Early 2023"]
[White "Florescu, Codrut-Constantin"]
[Black "kuanysh1981"]
[WhiteFideId "1202200"]
[WhiteElo "2626"]
[BlackElo "2486"]
[Result "1-0"]
[Round "5"]
[TimeControl "180+2"]
[Date "2023.07.18"]
[WhiteClock "0:00:18"]
[BlackClock "0:00:10"]
[Board "86"]

1. d4 Nf6 2. Nf3 e6 3. c4 b6 4. g3 Bb7 5. Bg2 Bb4+ 6. Nbd2 O-O 7. O-O a5 8. Qc2 Na6 9. e4 Be7 10. e5 Ne8 11. Ne4 Nb4 12. Qe2 f5 13. Nc3 Rb8 14. a3 Na6 15. b3 g6 16. Bb2 Ng7 17. Rad1 Qe8 18. Nb5 Be4 19. Ne1 Bxg2 20. Nxg2 c6 21. Nc3 Nc7 22. d5 exd5 23. cxd5 Bc5 24. Nf4 g5 25. Nd3 Bd4 26. e6 Bxc3 27. Bxc3 Nxd5 28. Bxg7 Kxg7 29. Qe5+ Kg8 30. Rfe1 Qxe6 31. Qxe6+ dxe6 32. Rxe6 Rf6 33. Ree1 Nc3 34. Rc1 Nb5 35. Ne5 Rc8 36. Nd7 Rd6 37. Nxb6 Rf8 38. Nc4 Rd3 39. Re3 Rxe3 40. Nxe3 Nd4 41. Rc4 Nxb3 42. Rxc6 Nd4 43. Rc7 f4 44. Nd5 f3 45. h4 g4 46. h5 h6 47. Rd7 Ne2+ 48. Kf1 Rb8 49. Nf6+ Kf8 50. Ke1 Rb2 51. Nxg4 Nc3 52. Rd3 Ne4 53. Rxf3+ Kg7 54. Re3 Ng5 55. Ne5 Ra2 56. Kf1 Kf6 57. Kg2 Nf7 58. Nxf7 Kxf7 59. g4 a4 60. Kg3 Rb2 61. f3 Rb3 62. Kf4 Kf6 63. Ke4 Kg5 64. Rxb3 axb3 65. Kd3 Kf4 66. a4 Kxf3 67. a5 b2 68. Kc2 Kxg4 69. a6 Kxh5 70. a7 1-0


[Site "https://www.chess.com"]

[Event "Titled Tuesday Blitz July 18 Early 2023"]
[White "Mendez Fortes, Eduardo Jesus"]
[Black "Taboas Rodriguez, Daniel"]
[WhiteFideId "3502376"]
[BlackFideId "2208466"]
[WhiteElo "2624"]
[BlackElo "2483"]
[Result "1-0"]
[Round "5"]
[TimeControl "180+2"]
[Date "2023.07.18"]
[WhiteClock "0:00:07"]
[BlackClock "0:00:00"]
[Board "87"]

1. e4 e5 2. Nf3 Nc6 3. Bb5 Nf6 4. d3 d6 5. O-O Bd7 6. c3 g6 7. Re1 Bg7 8. d4 O-O 9. d5 Nb8 10. Bxd7 Nbxd7 11. c4 Nc5 12. Nc3 a5 13. b3 Nh5 14. Rb1 f5 15. exf5 gxf5 16. Ng5 Nf6 17. Be3 h6 18. Ne6 Nxe6 19. dxe6 Re8 20. Nd5 Rxe6 21. Qf3 f4 22. Bxf4 Qd7 23. Bg3 Rf8 24. Nxf6+ Bxf6 25. Qxb7 h5 26. Qe4 Bd8 27. Re3 h4 28. Qg4+ Kh7 29. Bxh4 Rf4 30. Qe2 Rxh4 31. h3 Rg6 32. Rg3 Qg7 33. Qd3 Rd4 34. Qc2 Bh4 35. Rxg6 Qxg6 36. Qb2 Qg5 37. Rf1 Rd2 38. Qb1+ Qg6 39. Qe1 Qd3 40. Kh1 Rxa2 41. g3 Qf3+ 42. Kg1 Re2 43. Qb1+ Qe4 44. gxh4 Qxb1 45. Rxb1 Kg6 46. Ra1 Rb2 47. Rxa5 Rxb3 48. Ra7 c5 49. Rd7 Rd3 50. Kg2 e4 51. Re7 Kf5 52. h5 Kg5 53. Rxe4 Kxh5 54. f3 Kg5 55. Kg3 Kf5 56. Rf4+ Ke5 57. h4 d5 58. cxd5 Kxd5 59. Rf8 c4 60. h5 c3 61. h6 c2 62. Rc8 1-0


[Site "https://www.chess.com"]

[Event "Titled Tuesday Blitz July 18 Early 2023"]
[White "Tomaszewski, Kacper"]
[Black "Agibileg, Uurtsaikh"]
[WhiteFideId "1127373"]
[BlackFideId "4901606"]
[WhiteElo "2473"]
[BlackElo "2621"]
[Result "1-0"]
[Round "5"]
[TimeControl "180+2"]
[Date "2023.07.18"]
[WhiteClock "0:00:08"]
[BlackClock "0:00:06"]
[Board "88"]

1. d4 Nf6 2. Nf3 g6 3. Nbd2 Bg7 4. e4 d6 5. Bb5+ c6 6. Bd3 O-O 7. O-O e5 8. dxe5 dxe5 9. Nxe5 Nh5 10. Ndf3 b5 11. h3 f5 12. Bg5 Qc7 13. exf5 Bxe5 14. fxg6 hxg6 15. Bxg6 Ng7 16. Re1 Bf6 17. Bh6 Na6 18. Ng5 Nc5 19. Nh7 Be6 20. b4 Bxa1 21. Qxa1 Na6 22. Nf6+ Rxf6 23. Qxf6 Rf8 24. Qg5 Bf5 25. Re7 Bxg6 26. Rxc7 Rf7 27. Rxf7 Kxf7 28. Bxg7 Kxg7 29. Qe7+ Kh6 30. a3 c5 31. Qxa7 Nxb4 32. axb4 cxb4 33. Qe3+ Kh7 34. Qe7+ Kh6 35. Qxb4 Bxc2 36. Qxb5 Bg6 37. Qc6 1-0


[Site "https://www.chess.com"]

[Event "Titled Tuesday Blitz July 18 Early 2023"]
[White "Mohamed Anees M"]
[Black "Besedes, Danilo"]
[WhiteFideId "35065815"]
[BlackFideId "946796"]
[WhiteElo "2619"]
[BlackElo "2466"]
[Result "0-1"]
[Round "5"]
[TimeControl "180+2"]
[Date "2023.07.18"]
[WhiteClock "0:00:00"]
[BlackClock "0:00:10"]
[Board "89"]

1. e4 g6 2. d4 Bg7 3. Nf3 c6 4. Nc3 d5 5. e5 Bg4 6. h3 Bxf3 7. Qxf3 e6 8. g3 Ne7 9. Bg2 Nd7 10. Ne2 c5 11. c3 Nc6 12. O-O O-O 13. h4 Qb6 14. Rd1 Rac8 15. h5 Ndb8 16. b3 cxd4 17. cxd4 Ne7 18. Bg5 Nbc6 19. h6 Bh8 20. g4 f6 21. Bxf6 Nd8 22. g5 Nf5 23. Bh3 Nf7 24. Bxf5 gxf5 25. Kg2 Bxf6 26. gxf6 Kh8 27. Rg1 Rg8+ 28. Kh2 Nxh6 29. Qf4 Ng4+ 30. Kh1 Qb5 31. Ng3 Qd3 32. f7 Rg7 33. Nh5 Rxf7 34. Rg3 Qe4+ 35. Qxe4 Nxf2+ 36. Kh2 Nxe4 37. Rg2 Rg8 38. Rc1 Rxg2+ 39. Kxg2 Kg8 40. Rc8+ Rf8 41. Rc7 Rf7 42. Rc8+ Rf8 43. Rc7 f4 44. Rxb7 f3+ 45. Kf1 f2 46. Nf6+ Nxf6 47. exf6 Rxf6 48. Rxa7 h5 49. Rc7 h4 50. Rc3 Rf4 51. Rd3 Kg7 52. a4 Kg6 53. a5 h3 54. Rxh3 Rxd4 55. Kxf2 Rd2+ 56. Ke3 Ra2 57. Rg3+ Kh5 58. b4 Ra4 59. Rh3+ Kg5 60. Rh6 Kxh6 0-1


[Site "https://www.chess.com"]

[Event "Titled Tuesday Blitz July 18 Early 2023"]
[White "Frolyanov, Dmitry"]
[Black "Begunov, Konstantin"]
[WhiteFideId "4151976"]
[BlackFideId "4118510"]
[WhiteElo "2609"]
[BlackElo "2463"]
[Result "1-0"]
[Round "5"]
[TimeControl "180+2"]
[Date "2023.07.18"]
[WhiteClock "0:00:09"]
[BlackClock "0:00:00"]
[Board "90"]

1. d4 d5 2. c4 c6 3. Nc3 Nf6 4. Nf3 dxc4 5. a4 Bg4 6. Ne5 Bh5 7. Nxc4 e6 8. g3 Bb4 9. Bg2 Nd5 10. Bd2 a5 11. O-O Nb6 12. Nxb6 Qxb6 13. Be3 Qa6 14. Re1 Nd7 15. Qc2 Bg6 16. Qb3 Nb6 17. Bf4 Qc4 18. Qd1 Rd8 19. e3 Nd5 20. Nxd5 exd5 21. Rc1 Qd3 22. Rf1 O-O 23. g4 Rfe8 24. h4 h5 25. gxh5 Qxd1 26. Rfxd1 Bxh5 27. f3 Bd6 28. Bxd6 Rxd6 29. Kf2 Rde6 30. Re1 Bg6 31. Bh3 Rf6 32. Rc3 Be4 33. Bg2 Ree6 34. b4 axb4 35. Rb3 Rf5 36. Rf1 Bd3 37. Rxd3 Rh6 38. Rh1 b6 39. Rb3 c5 40. a5 cxd4 41. Rxb4 dxe3+ 42. Kxe3 bxa5 43. Rb8+ Kh7 44. Bh3 Re5+ 45. Kd4 Re7 46. Bf5+ g6 47. Bd3 Rh5 48. Rd8 Kg7 49. Rxd5 Rxd5+ 50. Kxd5 Re3 51. Be4 f5 52. Kd4 Ra3 53. Bd5 a4 54. h5 gxh5 55. Rxh5 Kg6 56. Rh1 Kg5 57. Ke5 Re3+ 58. Kd4 Re7 59. Ra1 Ra7 60. Ke5 Re7+ 61. Be6 Ra7 62. f4+ Kg4 63. Ra3 Ra5+ 64. Bd5 Ra7 65. Bf3+ Kh4 66. Bd1 1-0


[Site "https://www.chess.com"]

[Event "Titled Tuesday Blitz July 18 Early 2023"]
[White "Nunez V, Gustavo Eduardo"]
[Black "NicolaiMaxime"]
[WhiteFideId "4403690"]
[WhiteElo "2457"]
[BlackElo "2602"]
[Result "0-1"]
[Round "5"]
[TimeControl "180+2"]
[Date "2023.07.18"]
[WhiteClock "0:00:09"]
[BlackClock "0:00:27"]
[Board "91"]

1. e4 c5 2. Nc3 Nc6 3. f4 d6 4. Nf3 g6 5. Bb5 Bg7 6. Bxc6+ bxc6 7. O-O e6 8. d3 Ne7 9. Qe1 O-O 10. Qh4 d5 11. f5 exf5 12. Bh6 f6 13. Bxg7 Kxg7 14. e5 fxe5 15. Nxe5 d4 16. Ne2 Qd6 17. Nc4 Qf6 18. Qg3 Nd5 19. Nf4 Nxf4 20. Qxf4 Be6 21. Qc7+ Rf7 22. Qxc6 Rc8 23. Qa6 Rb8 24. Qd6 Rc8 25. Ne5 Rfc7 26. Ng4 Qe7 27. Qe5+ Kf7 28. Nh6+ Ke8 29. Rae1 Kd7 30. c3 dxc3 31. bxc3 Qd6 32. Qg7+ Kc6 33. Qf6 Bd5 34. Qxd6+ Kxd6 35. c4 Bc6 36. g4 Rf8 37. gxf5 gxf5 38. Nxf5+ Kd7 39. Re7+ Kc8 40. Rxc7+ Kxc7 41. Rf2 Rd8 42. Ng3 Rxd3 43. Rf7+ Rd7 44. Rxd7+ Kxd7 45. Kf2 Ke6 46. Ke3 Ke5 47. Ne2 Bd7 48. Nf4 Bf5 49. a3 a5 50. Ne2 Be6 51. Ng1 Bxc4 52. Nf3+ Kf5 53. Nd2 Bd5 54. Kd3 Ke5 55. Kc3 a4 56. Nf1 Ke4 57. Ng3+ Kf4 58. Nh5+ Ke5 59. Ng3 Bb3 60. Kd3 Kf4 61. Nh5+ Kf3 62. Nf6 h6 63. h4 Kf4 64. Ng8 h5 65. Nf6 Bf7 66. Kc3 Kg3 67. Nd7 c4 68. Nc5 Kxh4 69. Nxa4 Kg3 70. Nc5 Bd5 71. Ne4+ Bxe4 72. Kd4 Ba8 73. a4 h4 74. Kxc4 h3 75. Kb5 h2 76. Kb6 h1=Q 77. Ka7 Qb7# 0-1


[Site "https://www.chess.com"]

[Event "Titled Tuesday Blitz July 18 Early 2023"]
[White "JonSnowNW1"]
[Black "Golubev, Mikhail"]
[BlackFideId "14100983"]
[WhiteElo "2455"]
[BlackElo "2600"]
[Result "0-1"]
[Round "5"]
[TimeControl "180+2"]
[Date "2023.07.18"]
[WhiteClock "0:00:02"]
[BlackClock "0:00:06"]
[Board "92"]

1. c4 g6 2. Nc3 Bg7 3. g3 e5 4. Bg2 Nc6 5. Nf3 d6 6. O-O f5 7. d3 h6 8. Rb1 a5 9. a3 g5 10. Nd5 Nge7 11. Nd2 Nxd5 12. cxd5 Ne7 13. e3 O-O 14. f4 Ng6 15. Qh5 Qf6 16. fxg5 Qxg5 17. Qe2 Bd7 18. b3 a4 19. b4 Bb5 20. Nc4 e4 21. d4 Ne7 22. Qa2 Kh8 23. Rf2 Nxd5 24. Nxd6 Nc3 25. Nf7+ Rxf7 26. Qxf7 Rf8 27. Qxc7 Nxb1 28. Qc5 Bd3 29. d5 Qg4 30. Bf1 Qd1 31. Bb2 Kg8 32. Bxg7 Kxg7 33. Qe7+ Rf7 34. Qe5+ Kh7 35. Qe6 Qh5 36. Bh3 Qd1+ 37. Kg2 Kg7 38. Bxf5 Nd2 39. Qg6+ Kf8 40. Qxh6+ Ke7 41. Qe6+ Kf8 42. Qd6+ Kg7 43. Qh6+ Kxh6 44. Bg6 Bf1+ 45. Kg1 Nf3+ 46. Rxf3 Bh3+ 47. Kf2 Qxf3+ 48. Ke1 Qxe3+ 49. Kd1 Qd3+ 50. Kc1 Qc3+ 51. Kd1 Rf1+ 52. Ke2 Qd3# 0-1


[Site "https://www.chess.com"]

[Event "Titled Tuesday Blitz July 18 Early 2023"]
[White "Chernyavsky, Alexander"]
[Black "Karttunen, Mika"]
[WhiteFideId "24131156"]
[BlackFideId "502081"]
[WhiteElo "2454"]
[BlackElo "2599"]
[Result "0-1"]
[Round "5"]
[TimeControl "180+2"]
[Date "2023.07.18"]
[WhiteClock "0:00:00"]
[BlackClock "0:00:40"]
[Board "93"]

1. d4 Nf6 2. c4 e6 3. Nf3 d5 4. g3 dxc4 5. Bg2 Nc6 6. O-O Rb8 7. a4 Bb4 8. Na3 Na5 9. Qc2 Bxa3 10. Rxa3 b6 11. Bd2 Ba6 12. Bxa5 bxa5 13. Ne5 Qxd4 14. Nc6 Qxb2 15. Rc3 Rb3 16. Rxb3 Qxb3 17. Qd2 O-O 18. Qxa5 Bb7 19. Qxa7 Bxc6 20. Bxc6 c3 21. Qxc7 Qc4 22. Qb6 Nd5 23. Bxd5 exd5 24. Qb1 Qxa4 25. Rc1 Qc4 26. Qd3 Rc8 27. Rc2 g6 28. Kf1 Qxd3 29. exd3 d4 0-1


[Site "https://www.chess.com"]

[Event "Titled Tuesday Blitz July 18 Early 2023"]
[White "Altman, Joshua"]
[Black "Tanmay Jain"]
[WhiteFideId "426210"]
[BlackFideId "45015481"]
[WhiteElo "2598"]
[BlackElo "2450"]
[Result "1-0"]
[Round "5"]
[TimeControl "180+2"]
[Date "2023.07.18"]
[WhiteClock "0:00:04"]
[BlackClock "0:00:00"]
[Board "94"]

1. d4 Nf6 2. c4 e6 3. Nf3 d5 4. Nc3 Be7 5. cxd5 exd5 6. Bg5 O-O 7. Qc2 c6 8. e3 Bg4 9. Bd3 h6 10. Bh4 Nbd7 11. O-O Re8 12. h3 Bxf3 13. gxf3 Nh5 14. Bxe7 Qxe7 15. Kh2 Qd6+ 16. f4 g5 17. Rg1 Kh8 18. Kh1 gxf4 19. e4 Qe6 20. Kh2 dxe4 21. Bxe4 f3 22. Bxf3 Qd6+ 23. Kh1 Nf4 24. Qf5 Ng6 25. Qxf7 Ndf8 26. Ne4 Qe7 27. Qf5 Qe6 28. Qh5 Nf4 29. Qg4 Qxg4 30. Rxg4 N4g6 31. Rag1 Re6 32. Nc5 Rf6 33. Be4 Kg7 34. h4 h5 35. Rg5 Re8 36. f3 b6 37. Nd7 Rf7 38. Bxg6 Nxg6 39. Rxg6+ Kh7 40. Nf6+ 1-0


[Site "https://www.chess.com"]

[Event "Titled Tuesday Blitz July 18 Early 2023"]
[White "Arnold, Ken"]
[Black "Shishkov, Andrei"]
[WhiteFideId "2056836"]
[BlackFideId "4500563"]
[WhiteElo "2447"]
[BlackElo "2594"]
[Result "1-0"]
[Round "5"]
[TimeControl "180+2"]
[Date "2023.07.18"]
[WhiteClock "0:00:19"]
[BlackClock "0:00:03"]
[Board "95"]

1. e4 d5 2. Nc3 d4 3. Nce2 e5 4. Nf3 f6 5. d3 Be6 6. Ng3 c5 7. Be2 Nc6 8. O-O Qd7 9. Nd2 O-O-O 10. b3 g6 11. Nc4 h5 12. f4 h4 13. Nh1 h3 14. g3 b5 15. Nb2 Bd6 16. f5 gxf5 17. exf5 Bd5 18. Bf3 Nge7 19. Bxd5 Nxd5 20. Qf3 Bc7 21. a4 a6 22. axb5 axb5 23. Nf2 Kb7 24. Ne4 Bb6 25. Bd2 Ra8 26. Rfb1 Qe7 27. Nd1 Kc7 28. Ndf2 Ne3 29. c4 b4 30. Ng4 Nxg4 31. Qxg4 Kb7 32. Qf3 Kc7 33. Nf2 Qd6 34. Ne4 Qe7 35. Kf1 Qf8 36. Ke2 Qe7 37. g4 Kb7 38. g5 fxg5 39. Bxg5 Qf7 40. Nd6+ 1-0


[Site "https://www.chess.com"]

[Event "Titled Tuesday Blitz July 18 Early 2023"]
[White "Arat, Ufuk Sezen"]
[Black "Ai, Evan"]
[WhiteFideId "6309089"]
[BlackFideId "2094770"]
[WhiteElo "2592"]
[BlackElo "2446"]
[Result "1-0"]
[Round "5"]
[TimeControl "180+2"]
[Date "2023.07.18"]
[WhiteClock "0:00:07"]
[BlackClock "0:00:03"]
[Board "96"]

1. e4 c5 2. Nf3 d6 3. d4 cxd4 4. Nxd4 Nf6 5. Nc3 a6 6. Be3 e5 7. Nf3 h6 8. Bc4 Be7 9. O-O Qc7 10. Qe2 b5 11. Bb3 Bb7 12. Nd2 Nbd7 13. f3 O-O 14. a3 Bc6 15. Rad1 Qb7 16. Kh1 a5 17. a4 b4 18. Nb5 d5 19. exd5 Nxd5 20. Nc4 Nxe3 21. Nxe3 Nc5 22. Nf5 Bf6 23. Nbd6 Qc7 24. Bd5 Bxd5 25. Rxd5 Nxa4 26. Ne4 Be7 27. f4 Rfd8 28. Rxe5 Bf8 29. Qg4 Ra6 30. b3 Rg6 31. Qe2 Nc3 32. Nxc3 Qxc3 33. Ne3 Rd2 34. Qf3 Kh7 35. Re8 Bc5 36. f5 Rgd6 37. Qa8 g6 38. fxg6+ Rxg6 39. Rxf7+ Rg7 40. Qe4# 1-0


[Site "https://www.chess.com"]

[Event "Titled Tuesday Blitz July 18 Early 2023"]
[White "Starosta, Martyna"]
[Black "Skliarov, Viktor"]
[WhiteFideId "21818754"]
[BlackFideId "14106736"]
[WhiteElo "2442"]
[BlackElo "2592"]
[Result "0-1"]
[Round "5"]
[TimeControl "180+2"]
[Date "2023.07.18"]
[WhiteClock "0:00:13"]
[BlackClock "0:01:38"]
[Board "97"]

1. d4 Nf6 2. c4 e6 3. Nf3 b6 4. Nc3 Bb4 5. e3 Bb7 6. Bd3 O-O 7. O-O Bxc3 8. bxc3 Ne4 9. Qc2 f5 10. a4 Rf6 11. a5 Rh6 12. axb6 cxb6 13. Ne1 Qh4 14. h3 Rg6 15. Kh2 Ng5 16. Qe2 Bxg2 17. Nxg2 Qxh3+ 18. Kg1 Nf3+ 19. Qxf3 Qxf3 20. d5 Qxg2# 0-1


[Site "https://www.chess.com"]